cohdb
Replays
Latest Replays
All Replays
Popular Replays
Top Player Replays
Match Explorer
How It Works
Community
CoH3 Stats
Reddit
Sign in to upload your games and track your stats! →
Sign in with Steam
Match 38641892
Unlisted
Match 38641892
Overview
Messages
Build Orders
End
Kradschützen Motorcycle Team
Panzergrenadier Squad
250 Light Carrier
Construct Light Support Kompanie
MG34 Team
Selects Italian Infantry
Fire Support Elements
Assault Grenadier Squad
Flakvierling Half-track
Selects Guastatori Squad
Vehicle Survival Package
Veteran Squad Leaders
2.5-tonne Medical Truck
Selects Registered Artillery
Selects Defensive Operations
Construct Mechanized Kompanie
Construct Panzerarmee Kommand
Panzer III L Medium Tank
Registered Artillery
Pak 38 Mechanized Group
Thrusher
Starsilver
soldmydadformeth
KusseKarl
Zulu
xxxgunner
0
0
Comments
sign in to comment!
No comments posted yet!